 Dungeon Crawl Stone Soup version 0.26.0-10-g1f06aea511 (webtiles) character file.

Game seed: 6580976804164514371

6 Goblin1989 the Sneak (level 1, -1/18 HPs)
             Began as a Demonspawn Delver on Jan 30, 2021.
             Slain by an ufetubus (3 damage)
             ... on level 5 of the Dungeon.
             The game lasted 00:00:22 (63 turns).

Goblin1989 the Sneak (Demonspawn Delver)              Turns: 63, Time: 00:00:23

Health: -1/18      AC:  3    Str: 12    XL:     1   Next: 75%
Magic:  1/1        EV: 12    Int: 11    God:
Gold:   16         SH:  0    Dex: 14    Spells: 0/0 levels left

rFire    . . .     SeeInvis .   a - +0 mace
rCold    . . .     Faith    .   (no shield)
rNeg     . . .     Spirit   .   b - +0 leather armour
rPois    .         Reflect  .   (no helmet)
rElec    .         Harm     .   (no cloak)
rCorr    .         Rampage  .   (no gloves)
Will     .....                  (no boots)
Stlth    ++........             (no amulet)
HPRegen  0.06/turn              (no ring)
MPRegen  0.07/turn              (no ring)

@: no status effects
A: no striking features
a: no special abilities


You were on level 5 of the Dungeon.
You visited 1 branch of the dungeon, and saw 1 of its levels.

You collected 16 gold pieces.

Inventory:

Hand Weapons
 a - a +0 mace (weapon)
Armour
 b - a +0 leather armour (worn)
Wands
 g - a wand of digging (3) {@v1}
Scrolls
 c - a scroll of fog
 e - a scroll of fear
 M - a scroll of magic mapping
Potions
 f - a potion of haste {@q3,}


   Skills:
 - Level 3.0 Fighting
 + Level 2.3 Maces & Flails
 - Level 1.7 Dodging
 - Level 4.5 Stealth


You couldn't memorise any spells.
You didn't know any spells.
Your spell library was empty.

Dungeon Overview and Level Annotations

Branches:
Dungeon (5/15)
 Temple: D:4-7

Altars:


Message History

You become an imperial myrmidon!
Welcome, Goblin1989 the Demonspawn Delver.
The bosom of this dungeon contains the fabled artefact, the Orb of Zot.
Press ? for a list of commands and other information.
Found 16 gold pieces.
Found a stone staircase leading down.
You now have 16 gold pieces.
As you open the door, it creaks loudly! 2 goblins, a hobgoblin and an orc come into view.
The goblin shouts!
The hobgoblin shouts!
You hear a bark!
You hear a shout!
Found a scroll labelled CUPLOFOYTI and a club.
A jackal comes into view.
You hit the goblin but do no damage. The goblin hits you but does no damage.
You hit the goblin.
You kill the goblin!
You closely miss the hobgoblin.
The hobgoblin hits you but does no damage.
You hit the hobgoblin.
You kill the hobgoblin!
Your Maces & Flails skill increases to level 2!
The orc barely misses you.
You sock the orc!
You kill the orc!
You hit the goblin.
You kill the goblin!
Things that are here:
a +0 dagger; a +0 dagger; an orc corpse
Things that are here:
a +0 dagger; a +0 dagger; an orc corpse You start waiting.
An ufetubus comes into view.
The ufetubus hits you. The ufetubus closely misses you.
You take 2 damage, and have 16/18 hp.
You hit the ufetubus.
The ufetubus is severely wounded.
The ufetubus hits you but does no damage. x2
The ufetubus barely misses you. The ufetubus hits you.
You take 3 damage, and have 13/18 hp.
You miss the ufetubus.
The ufetubus is heavily wounded.
The ufetubus hits you but does no damage.
The ufetubus closely misses you.
Your leather armour prevents you from hitting the ufetubus.
The ufetubus is heavily wounded.
The ufetubus hits you but does no damage.
The ufetubus closely misses you. The ufetubus hits you.
The ufetubus closely misses you.
You take 1 damage, and have 12/18 hp.
You hit the ufetubus but do no damage.
The ufetubus is heavily wounded.
The ufetubus barely misses you. x2; The ufetubus hits you.
* * * LOW HITPOINT WARNING * * *
The ufetubus hits you but does no damage.
You take 4 damage, and have 8/18 hp.
MASSIVE DAMAGE!!
You hit the ufetubus but do no damage.
The ufetubus is heavily wounded.
The ufetubus hits you but does no damage.
The ufetubus hits you.
* * * LOW HITPOINT WARNING * * *
The ufetubus hits you.
* * * LOW HITPOINT WARNING * * *
The ufetubus barely misses you.
You take 3 damage, and have 5/18 hp.
You hit the ufetubus but do no damage.
The ufetubus is heavily wounded.
The ufetubus hits you but does no damage.
The ufetubus closely misses you. x2; The ufetubus barely misses you.
You closely miss the ufetubus.
The ufetubus is moderately wounded.
The ufetubus hits you.
* * * LOW HITPOINT WARNING * * *
The ufetubus hits you.
* * * LOW HITPOINT WARNING * * *
A quokka comes into view.
The ufetubus closely misses you. The ufetubus barely misses you.
You take 1 damage, and have 4/18 hp.
You miss the ufetubus.
The ufetubus is moderately wounded.
The ufetubus hits you.
* * * LOW HITPOINT WARNING * * *
The ufetubus hits you but does no damage.
The ufetubus hits you.
You die...

....... ..r..
....... █ ███..
... █. ...█ ...
...██████ █..█
█.█ ..h.....█
█..█ █5█
█.....███..█ █@█
██∆██..██..███.█
█..
█...)......███


█og █.███........█ █.. █......█████.█ █.g █.>█....)....█ █.. █..█.█████████ █▲█
█..█.█ ..██.█ You could see an ufetubus and a quokka (wandering).

Vanquished Creatures
  An orc (D:5)
  2 goblins (D:5)
  A hobgoblin (D:5)
4 creatures vanquished.

Notes
Turn   | Place    | Note
-------+----------+-------------------------------------------
     0 | D:5      | Goblin1989 the Demonspawn Delver began the quest for the
                  | Orb.
     0 | D:5      | Reached XP level 1. HP: 18/18 MP: 1/1
    63 | D:5      | Slain by an ufetubus

Illustrated notes

Levels and vault maps discovered:
D:5:      corexii_shantytown, layout_loops_ring,
          chequers_temple_overflow_statue_of_worship, uniq_grinder

Skill      XL: |  1 |
---------------+----+-----
Maces & Flails | 2 |  2.3
Fighting       | |  3.0
Dodging        | |  1.7
Stealth        | |  4.5

Action                   || total
-------------------------++-------
Melee: Mace              ||    14
Armor: Leather armour    ||     9
Dodge: Dodged            ||    14
